 Dungeon Crawl Stone Soup version 0.17-a0-1767-gccbed74 (console) character file.

1986 utis the Cutter (level 9, -2/51 HPs)
             Began as a Kobold Wizard on Sept 6, 2015.
             Was a Follower of Sif Muna.
             Shot with an arrow by a centaur (6 damage)
             ... on level 6 of the Dungeon.
             The game lasted 00:40:28 (13391 turns).

utis the Cutter (Kobold Wizard)                    Turns: 13391, Time: 00:40:29

Health: -2/51      AC:  5    Str:  8    XL:     9   Next: 44%
Magic:  2/16       EV: 15    Int: 19    God:    Sif Muna [*.....]
Gold:   328        SH:  0    Dex: 14    Spells: 7 memorised, 2 levels left

rFire  . . .     SeeInvis .     Q - +0 rapier
rCold  . . .     Clarity  .     K - +0 leather armour
rNeg   . . .     SustAt   .     (shield restricted)
rPois  +         Gourm    .     u - +0 helmet
rElec  .         Spirit   .     w - +0 cloak
rCorr  .         Warding  .     (no gloves)
rMut   .         Stasis   .     (no boots)
MR     .....                    (no amulet)
Stlth  ++........               D - ring of poison resistance
                                t - +2 ring of intelligence

@: very slightly contaminated, drained, not resistant to hostile enchantments,
unstealthy
A: carnivore 3
a: Channel Energy, Renounce Religion


You were on level 6 of the Dungeon.
You worshipped Sif Muna.
Sif Muna was aware of your devotion.
You were full.

You visited 2 branches of the dungeon, and saw 7 of its levels.

You collected 428 gold pieces.
You spent 100 gold pieces at shops.

Inventory:

Hand weapons
 a - a +2 dagger of venom {=f}
 g - a +0 dagger
 p - a +0 short sword
 I - a +0 whip of flaming
 J - a +0 trident
 O - a cursed +1 morningstar
 Q - a +0 rapier (weapon)
Missiles
 h - 10 sling bullets of flame
 i - 14 poisoned needles
 k - 104 stones (quivered)
 o - 51 sling bullets
 A - 4 silver tomahawks
 H - 13 tomahawks
 R - 7 tomahawks of returning
Armour
 e - a +1 hat
 q - a +0 robe
 u - a +0 helmet (worn)
 w - a +0 cloak (worn)
 y - a +0 robe
 G - a -2 leather armour
 K - a +0 leather armour (worn)
Magical staves
 b - an uncursed staff of wizardry {!a}
Jewellery
 t - a +2 ring of intelligence (left hand)
 B - an uncursed ring of flight
 D - a ring of poison resistance (right hand)
 N - an uncursed ring of sustain attributes
Scrolls
 c - a scroll of fog {unknown}
 f - 3 scrolls of amnesia
 j - 2 scrolls of remove curse
 m - a scroll of recharging
 n - a scroll of random uselessness {unknown}
 v - 4 scrolls of noise {unknown}
 L - a scroll of identify
 M - a scroll of acquirement {unknown}
Potions
 l - a potion of heal wounds {unknown}
 s - a potion of resistance
 x - a potion of poison {unknown}
 z - 3 potions of curing
 C - a potion of flight {unknown}
 E - 2 potions of magic {unknown}
 F - a potion of cancellation {unknown}
 P - 2 potions of brilliance {unknown}
Comestibles
 d - 2 meat rations
 r - 2 beef jerkies


   Skills:
 - Level 3.4(3.3) Fighting
 - Level 6.9(6.8) Short Blades
 - Level 4.2(4.1) Dodging
 - Level 2.6(2.5) Stealth
 - Level 4.6(4.5) Spellcasting
 - Level 3.4(3.3) Conjurations
 - Level 6.0(5.8) Hexes
 - Level 1.0(0.9) Summonings
 - Level 1.0(0.9) Translocations
 - Level 1.0(0.9) Air Magic
 - Level 1.7(1.6) Poison Magic
 * Level 3.8(3.7) Invocations


You had 2 spell levels left.
You knew the following spells:

 Your Spells              Type           Power        Failure   Level  Hunger
a - Magic Dart            Conj           ###.         6%          1    None
b - Call Imp              Summ           #.......     21%         2    #......
d - Conjure Flame         Conj/Fire      ##......     34%         3    ###....
r - Repel Missiles        Chrm/Air       #.....       24%         2    #......
v - Blink                 Tloc           N/A          21%         2    #......
C - Mephitic Cloud        Conj/Pois/Air  ##......     28%         3    ###....
Z - Slow                  Hex            ####....     2%          2    #......


Dungeon Overview and Level Annotations

Branches:
Dungeon (6/15)             Temple (1/1) D:4

Altars:
Cheibriados
Dithmenos
Elyvilon
Fedhas
Gozag
Makhleb
Nemelex Xobeh
Qazlal
Ru
Sif Muna
Trog
Vehumet
Xom
Zin
The Shining One

Shops:
D:6 *


Innate Abilities, Weirdness & Mutations

You are small and have problems with some larger weapons.
You are carnivorous and can eat meat at any time.


Message History

The centaur barely misses you. The gnoll barely misses you.
The centaur misses you.
You hit the centaur.
The centaur is almost dead.
The centaur hits you!
* * * LOW HITPOINT WARNING * * *
The gnoll seems less confused.
The centaur wields an uncursed shortbow.
The centaur shoots an arrow.
The arrow closely misses you.
You see here an arrow.
Casting: Mephitic Cloud
Confirm with . or Enter, or press ? or * to list all spells.
You blink.
The centaur shoots an arrow.
The arrow misses you.
Casting: Blink
Confirm with . or Enter, or press ? or * to list all spells.
You miscast Blink.
You catch a glimpse of the back of your own head.
* * * LOW MAGIC WARNING * * *
The centaur shoots an arrow.
The arrow hits you.
You die...

▓...▓....▓............'..'.....
▓...▓....▓..........).▓+▓▓▓.... '
▓...'....▓.....▓'▓▓'▓.....▓....
▓o▓...▓....▓.....'..'.+.....+....
▓.▓...▓.▓▓.▓.....▓.▓▓.▓.....▓'▓▓▓
..'...▓'▓▓.▓.....▓.▓▓'▓..........
▓'▓...'....▓.....▓.▓▓.'..........
......▓.▓▓.▓.....+.▓▓)▓..........
......▓.▓▓.▓g...K▓.▓▓.▓▓'▓▓▓▓'▓▓▓
......'..➘.➘..cg.▓.▓▓............
.........'.▓....➘+..'......▓▓+▓▓▓
.......'▓▓.▓.....▓.▓▓.....)▓▓.▓▓▓
........▓▓.▓.....▓.▓▓......▓<....
......∩....▓.....'.[.......'.....
......▓....▓.....▓.▓▓......▓▓..▓▓
[..▓'.▓.▓▓.▓.....▓'▓▓......▓▓..▓▓
...'..▓.▓▓.▓.....'.).......+.....


You could see a centaur and 2 gnolls.

Vanquished Creatures
  Pikel (D:4)
  Grinder (D:5)
  A water moccasin (D:5)
  4 slaves
  A phantom (D:4)
  An ogre (D:4)
  2 giant frogs
  2 scorpions
  A wight (D:6)
  5 orc wizards
  3 crimson imps
  2 centaur skeletons
  An orc priest (D:3)
  A jelly (D:6)
  2 giant frog skeletons
  4 hounds
  An iguana (D:5)
  2 worker ants
  A hound skeleton (D:6)
  A worker ant zombie (D:5)
  A gnoll (D:6)
  2 adders
  An ooze (D:6)
  2 worms (D:3)
  An adder skeleton (D:3)
  4 giant geckos
  24 orcs
  9 giant cockroaches
  7 hobgoblins
  2 quokkas
  2 ball pythons
  8 bats
  A giant cockroach zombie (D:5)
  6 giant newts
  3 goblins
  5 jackals
  5 kobolds
  A quokka zombie (D:6)
  6 rats
127 creatures vanquished.

Vanquished Creatures (collateral kills)
  A phantom (D:5)
  A jelly (D:6)
  A giant frog skeleton (D:4)
  An adder (D:2)
  A worm (D:1)
  5 orcs
  A goblin (D:1)
  A hobgoblin (D:2)
  A rat (D:1)
13 creatures vanquished.

Grand Total: 140 creatures vanquished

Notes
Turn   | Place    | Note
--------------------------------------------------------------
     0 | D:1      | utis the Kobold Wizard began the quest for the Orb.
     0 | D:1      | Reached XP level 1. HP: 10/10 MP: 4/4
    42 | D:1      | Reached skill level 1 in Conjurations
   452 | D:1      | Reached XP level 2. HP: 15/15 MP: 4/6
   456 | D:1      | Learned a level 2 spell: Call Imp
  1314 | D:2      | Found a shadowy altar of Dithmenos.
  1588 | D:2      | Reached XP level 3. HP: 19/19 MP: 1/7
  1925 | D:1      | Learned a level 3 spell: Mephitic Cloud
  2610 | D:2      | Found a stormy altar of Qazlal.
  3228 | D:2      | Reached XP level 4. HP: 24/24 MP: 3/8
  3796 | D:2      | Learned a level 3 spell: Conjure Flame
  3893 | D:3      | Found a burning altar of Makhleb.
  4106 | D:3      | Reached skill level 1 in Fighting
  4827 | D:3      | Reached skill level 1 in Air Magic
  5307 | D:4      | Found a staircase to the Ecumenical Temple.
  5314 | Temple   | Entered the Ecumenical Temple
  5414 | Temple   | Became a worshipper of Sif Muna the Loreminder
  5446 | D:4      | Noticed a giant frog
  5459 | D:3      | Killed a giant frog
  5459 | D:3      | Reached skill level 1 in Poison Magic
  5459 | D:3      | Reached XP level 5. HP: 4/29 MP: 0/9
  6681 | D:4      | Learned a level 2 spell: Blink
  6691 | D:4      | Noticed a slave
  6698 | D:4      | Noticed Pikel
  6939 | D:4      | Reached XP level 6. HP: 26/34 MP: 7/11
  7126 | D:4      | Noticed a slave
  7181 | D:4      | Killed a slave
  7209 | D:4      | Noticed a slave
  7244 | D:4      | Noticed a slave
  7658 | D:4      | Reached skill level 4 in Spellcasting
  7920 | D:4      | Learned a level 2 spell: Repel Missiles
  8141 | D:4      | Reached XP level 7. HP: 38/40 MP: 12/14
  8290 | D:3      | Killed a slave
  9075 | D:4      | Learned a level 2 spell: Slow
  9314 | D:4      | Killed a slave
  9344 | D:4      | Killed a slave
  9478 | D:4      | Killed Pikel
  9478 | D:4      | Reached skill level 6 in Short Blades
  9478 | D:4      | Reached XP level 8. HP: 41/46 MP: 15/15
  9922 | D:5      | Entered Level 5 of the Dungeon
 10135 | D:5      | Noticed Grinder
 10145 | D:5      | Reached skill level 1 in Hexes
 10212 | D:5      | Acquired Sif Muna's first power
 10374 | D:5      | Found an opulent altar of Gozag.
 11114 | D:5      | Killed Grinder
 11114 | D:5      | Reached XP level 9. HP: 38/51 MP: 5/16
 11267 | D:6      | Reached skill level 5 in Hexes
 11754 | D:5      | Acquired Sif Muna's second power
 11886 | D:6      | Reached skill level 1 in Invocations
 12997 | D:6      | Found Kiettoagg's Assorted Antiques.
 13002 | D:6      | Bought a rapier for 100 gold pieces
 13391 | D:6      | Shot with an arrow by a centaur

Vault maps used:
D:1:      ncdulo_lavacross, serial_forest, infiniplex_forest_zigzag_1,
          infiniplex_forest_zigzag_2, infiniplex_forest_lined_2,
          infiniplex_forest_lined_room_2
D:2:      overflow_temple_1_default, grunt_dithmenos_smoke
D:3:      old_standard_altar, first_bread
D:4:      wad_lake_hut, minmay_temple_entry_enclosed_plants, dk_vineyard_1,
          uniq_pikel
D:5:      grunt_gozag_breadcrumbs, st_stairs_9, uniq_grinder
D:6:      serial_shops, shop, minmay_hedge_maze, kennysheep_generic_room_15
Temple:   circular_temple_12

Action                   |  1- 3 |  4- 6 |  7- 9 || total
-------------------------+-------+-------+-------++-------
Melee: Dagger            |    11 |       |   275 ||   286
       Short sword       |     3 |     6 |       ||     9
       Trident           |       |   130 |    91 ||   221
       Rapier            |       |       |    46 ||    46
Throw: Stone             |       |    26 |     6 ||    32
 Cast: Magic Dart        |    73 |    40 |    15 ||   128
       Call Imp          |    11 |    12 |    15 ||    38
       Mephitic Cloud    |       |     7 |    12 ||    19
       Blink             |       |     2 |     4 ||     6
       Conjure Flame     |       |       |     4 ||     4
       Slow              |       |       |    41 ||    41
       Repel Missiles    |       |       |     1 ||     1
Invok: Channel Energy    |       |       |     2 ||     2
  Use: Scroll            |     4 |     3 |     3 ||    10
       Potion            |       |     1 |       ||     1
 Stab: Confused          |       |     6 |     5 ||    11
       Sleeping          |       |       |     3 ||     3
  Eat: Chunk             |    16 |    14 |    20 ||    50
